[Event "IIFL Wealth 4th Mumbai GM"]
[Site "Mumbai"]
[Date "2019.01.03"]
[Round "5"]
[White "Banerjee, Sushant"]
[Black "Lama, Milan"]
[Result "*"]
[ECO "B52"]
[WhiteElo "2198"]
[BlackElo "1897"]
[Annotator "NA"]
[PlyCount "98"]
[EventDate "2018.12.30"]
[EventType "swiss"]
[EventCountry "IND"]
[SourceTitle "playchess.com"]
[Source "ChessBase"]
[SourceQuality "1"]
[TimeControl "40/5400+30:1800+30"]

1. e4 c5 2. Nf3 d6 3. Bb5+ Bd7 4. Bxd7+ Nxd7 5. O-O g6 6. c3 Ngf6 7. Qe2 Bg7 8. Rd1 Qc7 9. d4 cxd4 10. cxd4 e6 11. Nc3 a6 12. Bg5 O-O 13. Rac1 h6 14. Bf4 Nh5 15. Bg3 Nxg3 16. hxg3 Qa5 17. Nd2 b5 18. Nb3 Qb6 19. Qd3 Rab8 20. Ne2 Rfc8 21. Qd2 Kh7 22. Qf4 Kg8 23. Rxc8+ Rxc8 24. Rc1 Rxc1+ 25. Qxc1 Qb7 26. Qc2 Nb6 27. Na5 Qc8 28. Qxc8+ Nxc8 29. Nb7 Kf8 30. f4 Ke8 31. Kf2 Kd7 32. e5 Bf8 33. exd6 Bxd6 34. Nxd6 Nxd6 35. b3 Kc6 36. Ke3 b4 37. g4 Kd5 38. Nc1 a5 39. Ne2 f6 40. Ng3 f5 41. gxf5 Nxf5+ 42. Nxf5 exf5 43. Kd3 g5 44. Ke3 g4 45. g3 h5 46. Kd3 Kd6 47. Ke3 Kd5 48. Kd3 h4 49. gxh4 g3 *

[Event "IIFL Wealth 4th Mumbai GM"]
[Site "Mumbai"]
[Date "2019.01.03"]
[Round "5"]
[White "Banerjee, Sushant"]
[Black "Lama, Milan"]
[Result "1/2-1/2"]
[ECO "B01"]
[WhiteElo "2198"]
[BlackElo "1897"]
[Annotator "NA"]
[PlyCount "44"]
[EventDate "2018.12.30"]
[EventType "swiss"]
[EventCountry "IND"]
[SourceTitle "playchess.com"]
[Source "ChessBase"]
[SourceQuality "1"]
[TimeControl "40/5400+30:1800+30"]

1. e4 d5 2. exd5 Qxd5 3. Nc3 Qa5 4. Nf3 Nf6 5. Bc4 Bf5 6. O-O e6 7. Re1 c6 8. d4 Bb4 9. Bd3 Bg4 10. Re5 Qc7 11. Rg5 h6 12. Rxg7 Bf8 13. Rxg4 Nxg4 14. Qe2 Nf6 15. Ne5 Nbd7 16. Bf4 Bd6 17. Bg3 Rf8 18. Re1 O-O-O 19. Qf3 Bxe5 20. Rxe5 Qb6 21. Re1 Qxd4 22. Qxc6+ bxc6 1/2-1/2

[Event "IIFL Wealth 4th Mumbai GM"]
[Site "Mumbai"]
[Date "2019.01.03"]
[Round "5"]
[White "Banerjee, Sushant"]
[Black "Lama, Milan"]
[Result "0-1"]
[ECO "B21"]
[WhiteElo "2198"]
[BlackElo "1897"]
[Annotator "NA"]
[PlyCount "96"]
[EventDate "2018.12.30"]
[EventType "swiss"]
[EventCountry "IND"]
[SourceTitle "playchess.com"]
[Source "ChessBase"]
[SourceQuality "1"]
[TimeControl "40/5400+30:1800+30"]

1. e4 c5 2. d4 cxd4 3. c3 dxc3 4. Nxc3 e6 5. Nf3 a6 6. Bc4 Ne7 7. Bg5 Qc7 8. Bb3 Ng6 9. Rc1 Nc6 10. O-O Bd6 11. h4 Bf4 12. Rc2 Bxg5 13. Nxg5 h6 14. Nd5 Qd8 15. Nf3 exd5 16. exd5 Na5 17. Re2+ Kf8 18. Rfe1 Nxb3 19. Qxb3 d6 20. Qb4 f6 21. h5 a5 22. Re8+ Qxe8 23. Rxe8+ Kxe8 24. Qb5+ Kf7 25. hxg6+ Kxg6 26. Nh4+ Kf7 27. Qb6 Re8 28. Qxd6 Bg4 29. Qg3 g5 30. Qxg4 gxh4 31. Qxh4 Rad8 32. Qh5+ Kg7 33. f4 Rg8 34. Qg4+ Kh7 35. Qe6 Rg7 36. d6 Rgd7 37. Qxf6 Rxd6 38. Qf7+ Kh8 39. Qxb7 Rg8 40. Qe4 Rd2 41. Kh2 Rg7 42. Kh3 Rxb2 43. g4 Rxa2 44. Qe8+ Kh7 45. Qe4+ Kh8 46. f5 Ra3+ 47. Kh4 Rb3 48. f6 Rxg4+ 0-1

[Event "IIFL Wealth 4th Mumbai GM"]
[Site "Mumbai"]
[Date "2019.01.03"]
[Round "5"]
[White "Senthil Maran K"]
[Black "Siva Mahadevan"]
[Result "1-0"]
[ECO "A49"]
[WhiteElo "2197"]
[BlackElo "2333"]
[Annotator "NA"]
[PlyCount "87"]
[EventDate "2018.12.30"]
[EventType "swiss"]
[EventCountry "IND"]
[SourceTitle "playchess.com"]
[Source "ChessBase"]
[SourceQuality "1"]
[TimeControl "40/5400+30:1800+30"]

1. d4 Nf6 2. Nf3 g6 3. g3 Bg7 4. Bg2 O-O 5. O-O d6 6. b3 e5 7. dxe5 dxe5 8. Ba3 Re8 9. Qxd8 Rxd8 10. Nc3 Nc6 11. Ng5 Bf5 12. Bxc6 bxc6 13. e4 Bg4 14. h3 Bd7 15. Kg2 c5 16. Bxc5 Bc6 17. Be7 Rd2 18. Rac1 Nxe4 19. Ngxe4 f5 20. Bg5 Rd4 21. f3 fxe4 22. Nxe4 Bxe4 23. fxe4 Rxe4 24. Kf3 Rd4 25. Be3 e4+ 26. Ke2 Rd6 27. Rcd1 a5 28. a4 Rc6 29. c4 Rb8 30. Rd5 Rd6 31. Rxd6 cxd6 32. Rb1 Kf7 33. Bd2 Ra8 34. Bf4 Ke6 35. Rd1 Ra6 36. Rd5 h6 37. h4 Bf8 38. Rb5 Kd7 39. Bd2 Kc6 40. Ke3 Ra8 41. Kxe4 Bg7 42. Rxa5 Re8+ 43. Kd3 Rf8 44. Bf4 {[%emt 0:00:33] Kd5 Ke4+} 1-0

[Event "IIFL Wealth 4th Mumbai GM"]
[Site "Mumbai"]
[Date "2019.01.03"]
[Round "5"]
[White "Phadke Sohan"]
[Black "Dushyant Sharma"]
[Result "1-0"]
[ECO "A45"]
[WhiteElo "2191"]
[BlackElo "2271"]
[Annotator "ChessBase"]
[PlyCount "117"]
[EventDate "2018.12.30"]
[EventType "swiss"]
[EventCountry "IND"]
[SourceTitle "playchess.com"]
[Source "ChessBase"]
[SourceQuality "1"]
[TimeControl "40/5400+30:1800+30"]

1. d4 Nf6 2. Bg5 Ne4 3. Bf4 d5 4. e3 Bf5 5. f3 Nf6 6. c4 e6 7. Nc3 c6 8. g4 Bg6 9. Qb3 Qd7 10. h4 h6 11. Nh3 Be7 12. Be5 Kf8 13. Nf4 Bh7 14. g5 Ne8 15. gxh6 Bf6 16. hxg7+ Bxg7 17. cxd5 cxd5 18. Qa3+ Qe7 19. Qxe7+ Kxe7 20. Bxg7 Nxg7 21. Kd2 Nc6 22. h5 Nf5 23. Bd3 Nd6 24. b3 Bxd3 25. Kxd3 Nf5 26. Rag1 Rag8 27. a3 a6 28. b4 Kf6 29. Na4 b5 30. Nc5 a5 31. bxa5 Ra8 32. a6 b4 33. Rb1 bxa3 34. Rb6 Nfe7 35. Ra1 Kg5 36. Rxa3 e5 37. Ne2 Rxh5 38. f4+ exf4 39. Nxf4 Rh6 40. Rb7 Kg4 41. Ra1 Rh2 42. Rg1+ Kf3 43. Rf1+ Rf2 44. Rxf2+ Kxf2 45. Kd2 f6 46. Nfd3+ Kf3 47. Rb1 Kg2 48. Nf4+ Kf2 49. Nfd3+ Kg2 50. Ke2 Re8 51. Nf4+ Kh2 52. Kf2 Rg8 53. Ncd3 Nf5 54. Ne1 Nh4 55. Rb7 Rg4 56. a7 Nxa7 57. Rxa7 f5 58. Rh7 Kh1 59. Neg2 1-0

[Event "IIFL Wealth 4th Mumbai GM"]
[Site "Mumbai"]
[Date "2019.01.03"]
[Round "5"]
[White "Patil, Pratik"]
[Black "Mohota, Nisha"]
[Result "1/2-1/2"]
[ECO "C50"]
[WhiteElo "2178"]
[BlackElo "2264"]
[Annotator "ChessBase"]
[PlyCount "116"]
[EventDate "2018.12.30"]
[EventType "swiss"]
[EventCountry "IND"]
[SourceTitle "playchess.com"]
[Source "ChessBase"]
[SourceQuality "1"]
[TimeControl "40/5400+30:1800+30"]

1. e4 e5 2. Nf3 Nc6 3. Bc4 Nf6 4. d3 Bc5 5. c3 d6 6. Bb3 a5 7. a4 O-O 8. Nbd2 Be6 9. Bc2 Ng4 10. O-O f5 11. exf5 Bxf5 12. Ne4 Ba7 13. h3 Nh6 14. Ng3 Bg6 15. Bxh6 gxh6 16. d4 exd4 17. Nxd4 Nxd4 18. cxd4 Bxc2 19. Qxc2 d5 20. Qb3 Rf6 21. Nh5 Rb6 22. Qf3 Rd6 23. Rae1 Kh8 24. Re2 Bxd4 25. Rfe1 Qf8 26. Qd3 c5 27. Qb5 Rdd8 28. Qxb7 Re8 29. Qxd5 Bxf2+ 30. Rxf2 Rxe1+ 31. Kh2 Qb8+ 32. g3 Re5 33. Qf7 Rxh5 34. Qxh5 Qd6 35. Qf7 Rg8 36. Qf3 Qd4 37. Re2 Rb8 38. Qf7 Qg7 39. Re8+ Rxe8 40. Qxe8+ Qg8 41. Qe5+ Qg7 42. Qb8+ Qg8 43. Qd6 Qe8 44. Qxc5 Qe2+ 45. Kg1 Qe1+ 46. Kg2 Qe2+ 47. Qf2 Qe4+ 48. Kh2 Kg8 49. b3 Qd3 50. Qb2 Kf7 51. h4 Ke6 52. Qc1 Kd5 53. Qxh6 Qe2+ 54. Kh3 Qf1+ 55. Kg4 Qe2+ 56. Kh3 Qf1+ 57. Kg4 Qe2+ 58. Kh3 Ke5 1/2-1/2

[Event "IIFL Wealth 4th Mumbai GM"]
[Site "Mumbai"]
[Date "2019.01.03"]
[Round "5"]
[White "Thrish Karthik"]
[Black "Varga, Klara"]
[Result "0-1"]
[ECO "A12"]
[WhiteElo "2168"]
[BlackElo "2242"]
[Annotator "NA"]
[PlyCount "66"]
[EventDate "2018.12.30"]
[EventType "swiss"]
[EventCountry "IND"]
[SourceTitle "playchess.com"]
[Source "ChessBase"]
[SourceQuality "1"]
[TimeControl "40/5400+30:1800+30"]

1. Nf3 d5 2. c4 c6 3. b3 Nf6 4. Bb2 Bg4 5. Ne5 Bh5 6. g3 Nbd7 7. Nxd7 Qxd7 8. Bg2 d4 9. d3 e5 10. Nd2 Bd6 11. Qc2 c5 12. b4 cxb4 13. c5 Rc8 14. Nb3 O-O 15. Qc4 a5 16. c6 bxc6 17. Nxa5 c5 18. Qc2 Bc7 19. Nb3 Bb6 20. Qc4 Rfe8 21. Nd2 Bg4 22. Qa6 Nd5 23. Nc4 Ba7 24. Qd6 Nb6 25. Qxd7 Bf5 26. Qe6 Bxe6 27. Nd6 Bd7 28. Nxc8 c4 29. dxc4 Rxc8 30. Bc1 Nxc4 31. Bd5 Bf5 32. Bxc4 e4 33. Bd2 Rxc4 0-1

[Event "IIFL Wealth 4th Mumbai GM"]
[Site "Mumbai"]
[Date "2019.01.03"]
[Round "5"]
[White "Nikhil Magizhnan"]
[Black "Wagh Suyog"]
[Result "1/2-1/2"]
[ECO "B53"]
[WhiteElo "2148"]
[BlackElo "2240"]
[Annotator "NA"]
[PlyCount "81"]
[EventDate "2018.12.30"]
[EventType "swiss"]
[EventCountry "IND"]
[SourceTitle "playchess.com"]
[Source "ChessBase"]
[SourceQuality "1"]
[TimeControl "40/5400+30:1800+30"]

1. e4 c5 2. Nf3 d6 3. d4 cxd4 4. Qxd4 Nc6 5. Bb5 Bd7 6. Bxc6 Bxc6 7. Nc3 Nf6 8. Bg5 e6 9. O-O Be7 10. Rad1 Qa5 11. Qd2 Rd8 12. Rfe1 Qb6 13. Nd4 O-O 14. Nb3 Qc7 15. Qd3 Rfe8 16. Nd4 a6 17. a4 Bd7 18. Nb3 Bc6 19. Nd4 h6 20. Bh4 Rc8 21. Nb3 Red8 22. Qd4 b6 23. f3 Bb7 24. Kh1 Rb8 25. Bg3 Nh5 26. Bf2 Ba8 27. Qd3 Qc8 28. Qe2 Nf4 29. Qd2 Ng6 30. Bd4 Ne5 31. Qf2 Qc7 32. Nd2 Nc6 33. Be3 b5 34. axb5 axb5 35. Nb3 Rdc8 36. Ne2 b4 37. Qg3 Kh8 38. Nf4 Ne5 39. Re2 Nc4 40. Nh5 Bf8 41. Bc1 1/2-1/2

[Event "IIFL Wealth 4th Mumbai GM"]
[Site "Mumbai"]
[Date "2019.01.03"]
[Round "5"]
[White "Ghelani Dhairya"]
[Black "Arya Nirag Shah"]
[Result "0-1"]
[ECO "A50"]
[WhiteElo "2146"]
[BlackElo "1812"]
[Annotator "NA"]
[PlyCount "36"]
[EventDate "2018.12.30"]
[EventType "swiss"]
[EventCountry "IND"]
[SourceTitle "playchess.com"]
[Source "ChessBase"]
[SourceQuality "1"]
[TimeControl "40/5400+30:1800+30"]

1. d4 Nf6 2. c4 Nc6 3. Nc3 e5 4. Be3 Bb4 5. Qd2 O-O 6. g3 d5 7. c5 Ne4 8. Qd3 Bf5 9. Bg2 exd4 10. Bxd4 Nxc3 11. Qxf5 Nxd4 12. Qd3 Ne4+ 13. Kf1 Nd2+ 14. Ke1 Qf6 15. Kd1 Nc4 16. Kc1 Nxe2+ 17. Qxe2 Bd2+ 18. Kd1 Qxb2 0-1

[Event "IIFL Wealth 4th Mumbai GM"]
[Site "Mumbai"]
[Date "2019.01.03"]
[Round "5"]
[White "Rakshitta Ravi"]
[Black "Rajesh, V A V"]
[Result "0-1"]
[ECO "A05"]
[WhiteElo "2141"]
[BlackElo "2402"]
[Annotator "NA"]
[PlyCount "99"]
[EventDate "2018.12.30"]
[EventType "swiss"]
[EventCountry "IND"]
[SourceTitle "playchess.com"]
[Source "ChessBase"]
[SourceQuality "1"]
[TimeControl "40/5400+30:1800+30"]

1. Nf3 Nf6 2. g3 g6 3. b3 Bg7 4. Bb2 O-O 5. Bg2 d6 6. d4 c5 7. c4 Nc6 8. O-O Bg4 9. Nbd2 Qc8 10. d5 Nb4 11. a3 Na6 12. Re1 Rb8 13. e4 b5 14. e5 Nd7 15. cxb5 Rxb5 16. Qc2 Bxf3 17. Nxf3 Nc7 18. exd6 exd6 19. Bxg7 Kxg7 20. Nd2 Qd8 21. Ne4 Rb6 22. Qb2+ Kg8 23. f4 Nxd5 24. Rad1 N5f6 25. Rxd6 Nxe4 26. Rxb6 Qxb6 27. Rxe4 c4+ 28. Qd4 Nc5 29. Re5 Nxb3 30. Qxb6 axb6 31. Re3 Rc8 32. Rc3 Nd4 33. Bf1 b5 34. Kf2 Ra8 35. Bg2 Ra5 36. Ke3 Nb3 37. Bc6 Kf8 38. f5 gxf5 39. Kf4 Nd4 40. Bf3 Ne6+ 41. Ke3 Ke7 42. Bd1 Kd6 43. a4 bxa4 44. Rxc4 a3 45. Rc1 Ke5 46. Bb3 a2 47. Ra1 Ra3 48. Rxa2 Rxb3+ 49. Kf2 h5 50. Kg2 0-1

[Event "IIFL Wealth 4th Mumbai GM"]
[Site "Mumbai"]
[Date "2019.01.03"]
[Round "5"]
[White "Saksham Rautela"]
[Black "Sammed Jaykumar, Shete"]
[Result "0-1"]
[ECO "B31"]
[WhiteElo "2123"]
[BlackElo "2378"]
[Annotator "NA"]
[PlyCount "66"]
[EventDate "2018.12.30"]
[EventType "swiss"]
[EventCountry "IND"]
[SourceTitle "playchess.com"]
[Source "ChessBase"]
[SourceQuality "1"]
[TimeControl "40/5400+30:1800+30"]

1. e4 c5 2. Nf3 Nc6 3. Bb5 g6 4. Bxc6 bxc6 5. O-O Bg7 6. d3 Nf6 7. Nc3 O-O 8. Be3 d6 9. h3 h6 10. Nh2 e5 11. f4 exf4 12. Bxf4 Nh5 13. Be3 f5 14. exf5 Ng3 15. f6 Bxf6 16. Rf3 Nf5 17. Ng4 Bg7 18. Bf2 Rb8 19. Qc1 Nd4 20. Rxf8+ Qxf8 21. Qd2 Rxb2 22. Ne3 Qf4 23. Rd1 Be5 24. Ne2 Qg5 25. Nxd4 cxd4 26. Nc4 Qxd2 27. Nxd2 Rxc2 28. Nf3 c5 29. Nxe5 dxe5 30. Bg3 e4 31. dxe4 Bb7 32. Bd6 Bxe4 33. g4 d3 0-1

[Event "IIFL Wealth 4th Mumbai GM"]
[Site "Mumbai"]
[Date "2019.01.03"]
[Round "5"]
[White "Tarun Kanyamarala"]
[Black "Samant Aditya S"]
[Result "1/2-1/2"]
[ECO "E11"]
[WhiteElo "2120"]
[BlackElo "2205"]
[Annotator "NA"]
[PlyCount "117"]
[EventDate "2018.12.30"]
[EventType "swiss"]
[EventCountry "IND"]
[SourceTitle "playchess.com"]
[Source "ChessBase"]
[SourceQuality "1"]
[TimeControl "40/5400+30:1800+30"]

1. d4 Nf6 2. c4 e6 3. Nf3 Bb4+ 4. Bd2 c5 5. Bxb4 cxb4 6. Nbd2 O-O 7. e3 d6 8. Bd3 Qe7 9. Qc2 e5 10. c5 dxc5 11. dxe5 Ng4 12. Bxh7+ Kh8 13. Be4 Nxe5 14. Nxe5 Qxe5 15. O-O Nd7 16. Rac1 Re8 17. Bf3 Rb8 18. Rfd1 b6 19. Nc4 Qe7 20. Nd6 Rf8 21. Nf5 Qd8 22. Qe4 Qg5 23. h4 Qf6 24. Ne7 Bb7 25. Qf5 Qxf5 26. Nxf5 Bxf3 27. gxf3 Rfd8 28. Nd6 Kg8 29. f4 Nf6 30. Nc4 Rxd1+ 31. Rxd1 b5 32. Ne5 Rc8 33. f3 c4 34. Kf2 c3 35. bxc3 bxc3 36. e4 a5 37. Ke3 b4 38. Kd3 a4 39. Kc2 Nh5 40. Nd3 Ng3 41. Nxb4 Ne2 42. f5 a3 43. Rd7 Rc4 44. Rb7 Nd4+ 45. Kd3 c2 46. Nxc2 Rxc2 47. Rb8+ Kh7 48. Kxd4 Rxa2 49. Ra8 Ra1 50. Ke5 f6+ 51. Kf4 Ra2 52. h5 Ra1 53. Ra7 Kh6 54. Ra8 Kh7 55. Ra7 Kh6 56. Ra8 Kh7 57. h6 gxh6 58. e5 fxe5+ 59. Kxe5 1/2-1/2

[Event "IIFL Wealth 4th Mumbai GM"]
[Site "Mumbai"]
[Date "2019.01.03"]
[Round "5"]
[White "Prajesh R"]
[Black "Rebut, Paul"]
[Result "0-1"]
[ECO "C55"]
[WhiteElo "2102"]
[BlackElo "1740"]
[Annotator "NA"]
[PlyCount "52"]
[EventDate "2018.12.30"]
[EventType "swiss"]
[EventCountry "IND"]
[SourceTitle "playchess.com"]
[Source "ChessBase"]
[SourceQuality "1"]
[TimeControl "40/5400+30:1800+30"]

1. e4 e5 2. Nf3 Nc6 3. Bc4 Nf6 4. d3 Be7 5. Nc3 O-O 6. Be3 d6 7. h3 a6 8. O-O Na5 9. Bd5 Nxd5 10. Nxd5 f5 11. exf5 Bxf5 12. Qd2 Nc6 13. Qc3 Kh8 14. Qd2 Bxh3 15. Ng5 Bf5 16. Nxe7 Qxe7 17. d4 exd4 18. Bxd4 Nxd4 19. Qxd4 Qxg5 20. Qc3 Be4 21. f3 Bc6 22. Rad1 Rae8 23. Rd4 Re2 24. Rg4 Qxg4 25. fxg4 Rxg2+ 26. Kh1 Rxf1# 0-1

[Event "IIFL Wealth 4th Mumbai GM"]
[Site "Mumbai"]
[Date "2019.01.03"]
[Round "5"]
[White "Nayem, Haque"]
[Black "Dhungel, Uttam"]
[Result "1-0"]
[ECO "B43"]
[WhiteElo "2083"]
[BlackElo "1587"]
[Annotator "NA"]
[PlyCount "104"]
[EventDate "2018.12.30"]
[EventType "swiss"]
[EventCountry "IND"]
[SourceTitle "playchess.com"]
[Source "ChessBase"]
[SourceQuality "1"]
[TimeControl "40/5400+30:1800+30"]

1. e4 c5 2. Nf3 e6 3. d4 cxd4 4. Nxd4 a6 5. Nc3 Qc7 6. Be2 Nf6 7. O-O b5 8. Bf3 e5 9. Nf5 d6 10. Bg5 Nbd7 11. a3 h6 12. Bxf6 Nxf6 13. Ne3 Be6 14. Bg4 Be7 15. Qf3 Qd7 16. Bxe6 h5 17. Bf5 g6 18. Be6 fxe6 19. Qg3 O-O-O 20. Qf3 Qc6 21. Rfd1 Rdf8 22. Qe2 Rf7 23. Rd3 Nxe4 24. Nxe4 Qxe4 25. a4 b4 26. Rb3 Kb7 27. f3 Qf4 28. c4 Qd4 29. Rxb4+ Ka7 30. Rd1 Qc5 31. Rb3 Rc8 32. Rbd3 Bg5 33. Kh1 Rc6 34. b3 Rd7 35. Nf1 h4 36. Nd2 Bxd2 37. R1xd2 Rc8 38. Qe4 Rcd8 39. Qxg6 Re7 40. Qg5 Rdd7 41. Rxd6 Rb7 42. Qxh4 Rh7 43. Qf2 Qxf2 44. Rxf2 Rxb3 45. Rxe6 Rc7 46. Rxe5 Rxc4 47. a5 Rb5 48. Rfe2 Ra4 49. Re7+ Ka8 50. Rd2 Raxa5 51. Rd8+ Rb8 52. Rxb8+ Kxb8 1-0

[Event "IIFL Wealth 4th Mumbai GM"]
[Site "Mumbai"]
[Date "2019.01.03"]
[Round "5"]
[White "Thipsay, Bagyashree Sathe"]
[Black "Mrudul Dehankar"]
[Result "1-0"]
[ECO "B01"]
[WhiteElo "2028"]
[BlackElo "2199"]
[Annotator "NA"]
[PlyCount "61"]
[EventDate "2018.12.30"]
[EventType "swiss"]
[EventCountry "IND"]
[SourceTitle "playchess.com"]
[Source "ChessBase"]
[SourceQuality "1"]
[TimeControl "40/5400+30:1800+30"]

1. e4 d5 2. exd5 Nf6 3. d4 Bg4 4. Be2 Bxe2 5. Qxe2 Qxd5 6. Nf3 e6 7. O-O Nc6 8. Be3 O-O-O 9. c4 Qh5 10. Nc3 Bd6 11. c5 Be7 12. b4 Nd5 13. Nxd5 Rxd5 14. b5 Nd8 15. Qc4 g5 16. Qa4 g4 17. Nd2 Kb8 18. Rfc1 Qf5 19. Rc3 e5 20. dxe5 Qxe5 21. Rac1 Bg5 22. Nc4 Qe4 23. Ra3 Bxe3 24. Qxa7+ Kc8 25. Nxe3 Rd2 26. c6 bxc6 27. bxc6 Nxc6 28. Qa8+ Kd7 29. Qxh8 Qf4 30. Rf1 Nd4 31. Ra8 1-0

[Event "IIFL Wealth 4th Mumbai GM"]
[Site "Mumbai"]
[Date "2019.01.03"]
[Round "5"]
[White "Trisha Kanyamarala"]
[Black "Prraneeth Vuppala"]
[Result "1-0"]
[ECO "D38"]
[WhiteElo "1942"]
[BlackElo "2228"]
[Annotator "NA"]
[PlyCount "105"]
[EventDate "2018.12.30"]
[EventType "swiss"]
[EventCountry "IND"]
[SourceTitle "playchess.com"]
[Source "ChessBase"]
[SourceQuality "1"]
[TimeControl "40/5400+30:1800+30"]

1. d4 Nf6 2. c4 e6 3. Nf3 d5 4. Nc3 Bb4 5. Bg5 h6 6. Bxf6 Qxf6 7. Qa4+ Nc6 8. e3 O-O 9. Be2 dxc4 10. Bxc4 e5 11. O-O exd4 12. Nd5 Qd6 13. Nxd4 Nxd4 14. Qxb4 Qxb4 15. Nxb4 Nf5 16. Rfd1 Be6 17. Bxe6 fxe6 18. Rac1 Rad8 19. h3 c6 20. Nd3 Rfe8 21. Nc5 Nd6 22. b4 Kf7 23. f3 Ke7 24. e4 e5 25. Kf2 b6 26. Nd3 Kd7 27. Rc2 Re6 28. a4 Kc7 29. Ke3 Kb7 30. Rdc1 Rc8 31. Rd1 Ne8 32. Rc5 Rd8 33. Rc3 Rd4 34. Rdc1 Rdd6 35. Rb1 Nc7 36. Nc5+ bxc5 37. bxc5+ Ka6 38. cxd6 Rxd6 39. Rc5 Ne6 40. Rxe5 g5 41. g3 Nd4 42. Rc5 h5 43. Rb4 Ne6 44. e5 h4 45. exd6 hxg3 46. Rxc6+ Ka5 47. Rb1 g4 48. hxg4 g2 49. d7 Nd8 50. Rc8 Nf7 51. d8=Q+ Nxd8 52. Rxd8 Ka6 53. g5 1-0

[Event "IIFL Wealth 4th Mumbai GM"]
[Site "Mumbai"]
[Date "2019.01.03"]
[Round "5"]
[White "Triton, Maxime"]
[Black "Subrota, Biswas"]
[Result "0-1"]
[ECO "B87"]
[WhiteElo "1937"]
[BlackElo "2171"]
[Annotator "NA"]
[PlyCount "102"]
[EventDate "2018.12.30"]
[EventType "swiss"]
[EventCountry "IND"]
[SourceTitle "playchess.com"]
[Source "ChessBase"]
[SourceQuality "1"]
[TimeControl "40/5400+30:1800+30"]

1. e4 c5 2. Nf3 d6 3. Nc3 Nf6 4. d4 cxd4 5. Nxd4 a6 6. Bc4 e6 7. Bb3 b5 8. O-O Nbd7 9. Re1 Nc5 10. Bd5 exd5 11. exd5+ Kd7 12. b4 Na4 13. Nxa4 bxa4 14. Nc6 Qb6 15. Qf3 Qb5 16. c4 Qxc4 17. Bf4 Qxd5 18. Ne5+ Kd8 19. Qe3 dxe5 20. Rad1 Bd7 21. Qb6+ Ke8 22. Rxd5 Nxd5 23. Qb7 Nxf4 24. Qxa8+ Ke7 25. Rxe5+ Be6 26. Re4 Ng6 27. f4 f5 28. Re3 Kf7 29. Qxa6 Nxf4 30. Kf1 Be7 31. Qxa4 Nd5 32. Rf3 Nxb4 33. a3 Nd5 34. Qc2 g6 35. Qd2 Nf6 36. Re3 Rb8 37. Qc2 Rc8 38. Rc3 Ra8 39. Ke2 Ne4 40. Rh3 h5 41. Re3 Rc8 42. Qb2 Rc7 43. Kd1 Bf6 44. Qb4 Bg5 45. Rf3 Rc1+ 46. Ke2 Bc4+ 47. Rd3 Rc2+ 48. Kd1 Bxd3 49. Qb7+ Kf8 50. Qb8+ Kg7 51. Qe5+ Kh7 0-1

[Event "IIFL Wealth 4th Mumbai GM"]
[Site "Mumbai"]
[Date "2019.01.03"]
[Round "5"]
[White "Bhasima, Prashan"]
[Black "Larmet, Nino"]
[Result "*"]
[ECO "C01"]
[WhiteElo "1658"]
[BlackElo "1835"]
[Annotator "NA"]
[PlyCount "43"]
[EventDate "2018.12.30"]
[EventType "swiss"]
[EventCountry "IND"]
[SourceTitle "playchess.com"]
[Source "ChessBase"]
[SourceQuality "1"]
[TimeControl "40/5400+30:1800+30"]

1. e4 e6 2. d4 d5 3. exd5 exd5 4. Nf3 Nf6 5. c4 Bb4+ 6. Bd2 c5 7. Bxb4 cxb4 8. Be2 O-O 9. O-O Be6 10. Nbd2 Nc6 11. Rc1 Qa5 12. Qb3 Qd8 13. c5 Ne4 14. Qc2 f5 15. Bb5 a5 16. Bxc6 bxc6 17. Ne5 Qc7 18. f4 a4 19. Nxe4 dxe4 20. a3 bxa3 21. bxa3 Rfb8 22. Rb1 *

[Event "IIFL Wealth 4th Mumbai GM"]
[Site "Mumbai"]
[Date "2019.01.03"]
[Round "5"]
[White "Bhasima, Prashan"]
[Black "Larmet, Nino"]
[Result "1-0"]
[ECO "C54"]
[WhiteElo "1658"]
[BlackElo "1835"]
[Annotator "NA"]
[PlyCount "155"]
[EventDate "2018.12.30"]
[EventType "swiss"]
[EventCountry "IND"]
[SourceTitle "playchess.com"]
[Source "ChessBase"]
[SourceQuality "1"]
[TimeControl "40/5400+30:1800+30"]

1. e4 e5 2. Nf3 Nc6 3. Bc4 Bc5 4. c3 Nf6 5. d4 exd4 6. cxd4 Bb4+ 7. Bd2 Bxd2+ 8. Nbxd2 d5 9. exd5 Nxd5 10. O-O O-O 11. h3 Nb6 12. d5 Nxd5 13. Ne4 Nb6 14. Bb3 Bf5 15. Ng3 Bg6 16. Qc1 Qf6 17. Re1 Rfe8 18. Qd2 Rad8 19. Rad1 Rxe1+ 20. Rxe1 h6 21. Qc1 Nd5 22. Bxd5 Rxd5 23. b4 Qd8 24. a3 a5 25. bxa5 Rxa5 26. Qb2 b6 27. Rc1 Qd7 28. Nh4 Bh7 29. Nf3 Rd5 30. Qe2 Nd4 31. Nxd4 Rxd4 32. Rxc7 Qd8 33. Re7 Kf8 34. Re3 Rd7 35. Qb2 Rd1+ 36. Kh2 Bg6 37. Qb4+ Qd6 38. Qa4 Qd7 39. Qa8+ Qd8 40. Qc6 Rd3 41. Rxd3 Bxd3 42. Qc3 Bg6 43. Qb4+ Kg8 44. f4 Qc7 45. Qd4 Qe7 46. f5 Bh7 47. a4 Qc7 48. Qe4 Qb8 49. h4 Qd8 50. h5 Qc8 51. Kg1 Qb8 52. Ne2 Qc8 53. g4 Qd8 54. Kg2 Kf8 55. Kf3 Qe7 56. Nf4 Qa3+ 57. Nd3 Qe7 58. Ne5 Qa3+ 59. Kf4 Qc1+ 60. Kf3 Qa3+ 61. Kg2 Qb2+ 62. Kh3 Qa3+ 63. Nf3 Qe7 64. Qf4 Qd8 65. Qb4+ Kg8 66. Kg3 Qc7+ 67. Qf4 Qd8 68. Nd4 g6 69. fxg6 fxg6 70. hxg6 Bxg6 71. Qxh6 Qxd4 72. Qxg6+ Kf8 73. Qf5+ Kg8 74. Qg5+ Kh8 75. Qf4 Qc3+ 76. Kh4 Qe1+ 77. Kg5 Qa5+ 78. Kg6 1-0

[Event "IIFL Wealth 4th Mumbai GM"]
[Site "Mumbai"]
[Date "2019.01.03"]
[Round "5"]
[White "Laoussing, Mathis"]
[Black "Shah, Ram Surat Prasad"]
[Result "0-1"]
[ECO "C01"]
[WhiteElo "1438"]
[BlackElo "1639"]
[Annotator "NA"]
[PlyCount "74"]
[EventDate "2018.12.30"]
[EventType "swiss"]
[EventCountry "IND"]
[SourceTitle "playchess.com"]
[Source "ChessBase"]
[SourceQuality "1"]
[TimeControl "40/5400+30:1800+30"]

1. e4 e6 2. d4 d5 3. exd5 exd5 4. Nf3 Nf6 5. c4 Bb4+ 6. Bd2 c5 7. Bxb4 cxb4 8. Be2 O-O 9. O-O Be6 10. Nbd2 Nc6 11. Rc1 Qa5 12. Qb3 Qd8 13. c5 Ne4 14. Qc2 f5 15. Bb5 a5 16. Bxc6 bxc6 17. Ne5 Qc7 18. f4 a4 19. Nxe4 dxe4 20. a3 bxa3 21. bxa3 Rfb8 22. Rb1 Rb3 23. Nc4 Qd8 24. Rxb3 axb3 25. Qxb3 Qxd4+ 26. Kh1 Qxc4 27. Qxc4 Bxc4 28. Ra1 e3 29. Kg1 Kf7 30. h4 Ke6 31. Rd1 e2 32. Rd6+ Ke7 33. Kf2 Rd8 34. Rxc6 Rd1 35. Rc7+ Kd8 36. Rxg7 e1=Q+ 37. Kf3 Bd5# 0-1

[Event "IIFL Wealth 4th Mumbai GM"]
[Site "Mumbai"]
[Date "2019.01.03"]
[Round "5"]
[White "Ahsan, Ali Jewel"]
[Black "Mahindrakar Indrajeet"]
[Result "0-1"]
[ECO "E92"]
[WhiteElo "1363"]
[BlackElo "2106"]
[Annotator "NA"]
[PlyCount "48"]
[EventDate "2018.12.30"]
[EventType "swiss"]
[EventCountry "IND"]
[SourceTitle "playchess.com"]
[Source "ChessBase"]
[SourceQuality "1"]
[TimeControl "40/5400+30:1800+30"]

1. d4 Nf6 2. c4 g6 3. Nc3 Bg7 4. e4 d6 5. Nf3 O-O 6. Be2 e5 7. d5 a5 8. Bg5 h6 9. Be3 Na6 10. Nd2 Nd7 11. O-O f5 12. f3 f4 13. Bf2 g5 14. a3 Rf7 15. b4 Bf8 16. Nb3 h5 17. Nxa5 Rg7 18. g4 Qf6 19. h3 Rh7 20. Kg2 Qh6 21. Rh1 Nf6 22. Nb3 Be7 23. c5 Kf7 24. Qd3 Nxb4 0-1